 Dungeon Crawl Stone Soup version 0.28-a0-474-g535839065c (webtiles) character file.

Game seed: 14716800259334693691

31305 Spaninq the Stormcaller (level 13, -4/80 HPs)
             Began as a Tengu Air Elementalist on Sept 15, 2021.
             Was an Elder of Vehumet.
             Slain by a four-headed hydra (7 damage)
             ... on level 4 of the Lair of Beasts.
             The game lasted 01:35:06 (30897 turns).

Spaninq the Stormcaller (Tengu Air Elementalist)   Turns: 30897, Time: 01:35:08

Health: -4/80      AC:  3    Str:  8    XL:     13   Next: 57%
Magic:  17/28      EV: 15    Int: 25    God:    Vehumet [****..]
Gold:   1084       SH:  0    Dex: 21    Spells: 15/33 levels left

rFire   . . .      SeeInvis .   A - +3 dagger (venom)
rCold   . . .      Faith    .   (no shield)
rNeg    + . .      Spirit   .   a - +0 robe
rPois   +          Reflect  .   c - +0 hat {Will+}
rElec   .          Harm     .   M - scarf {repulsion}
rCorr   +          Rampage  .   L - +0 pair of gloves
Will    ++++.      Clarity  +   (boots unavailable)
Stlth   ++........              P - amulet of the Four Winds {rN+ Will+++ Clar}
HPRegen 0.23/turn               x - ring of the Distant Future {Int+4 Dex+6}
MPRegen 0.21/turn               J - ring "Laqef" {rPois rCorr}

@: flying quickly and evasively, repel missiles, quick
A: beak, talons 3, nimble flight
a: Renounce Religion


You were on level 4 of the Lair of Beasts.
You worshipped Vehumet.
Vehumet was greatly pleased with you.
You visited 4 branches of the dungeon, and saw 19 of its levels.

You collected 1808 gold pieces.
You spent 724 gold pieces at shops.

Inventory:

Hand Weapons
 y - a +0 trident of freezing
 A - a +3 dagger of venom (weapon)
 O - a +2 hand axe of flaming
Armour
 a - a +0 robe (worn)
 c - a +0 hat of willpower (worn)
 f - a +0 scale mail
 s - a +0 leather armour
 F - a +2 chain mail of poison resistance
 L - a +0 pair of gloves (worn)
 M - a scarf of repulsion (worn)
Jewellery
 t - a +4 ring of slaying
 x - the ring of the Distant Future (left hand) {Int+4 Dex+6}
   (You found it on level 9 of the Dungeon)

   [ring of dexterity]

   Int:       It affects your intelligence (+4).
   Dex:       It affects your dexterity (+6).
 z - a ring of protection from cold
 E - a ring of ice
 H - a +4 ring of protection
 J - the ring "Laqef" (right hand) {rPois rCorr}
   (You took it off a kobold on level 7 of the Dungeon)

   [ring of resist corrosion]

   rPois:     It protects you from poison.
   rCorr:     It protects you from acid and corrosion.
 K - a ring of fire
 P - the amulet of the Four Winds (around neck) {rN+ Will+++ Clar}
   (You bought it in a shop on level 2 of the Orcish Mines)

   [amulet of nothing]

   rN:        It protects you from negative energy.
   Clar:      It protects you against confusion.
   Will:      It greatly increases your willpower.
 Q - the ring "Yzetyeba" {Fly rN+ SInv}
   (You bought it in a shop on level 2 of the Orcish Mines)

   [ring of positive energy]

   rN:        It protects you from negative energy.
   SInv:      It lets you see invisible.
   Fly:       It grants you flight.
Wands
 j - a wand of acid (3)
 r - a wand of polymorph (19)
 w - a wand of flame (21)
 B - a wand of iceblast (7)
 D - a wand of digging (5)
 I - a wand of paralysis (10)
Scrolls
 b - 3 scrolls of enchant weapon
 e - 2 scrolls of identify
 h - 3 scrolls of magic mapping
 o - a scroll of fog
 p - 5 scrolls of teleportation
 u - 3 scrolls of amnesia
 C - 2 scrolls of brand weapon
 N - a scroll of blinking
 R - a scroll of silence
Potions
 d - a potion of ambrosia
 g - 4 potions of curing
 i - 4 potions of lignification
 k - 2 potions of heal wounds
 l - 4 potions of haste
 m - a potion of cancellation
 n - 3 potions of invisibility
 q - a potion of resistance
 v - a potion of magic
 G - 3 potions of might
 S - a potion of mutation


   Skills:
 + Level 8.9 Fighting
 - Level 2.1 Dodging
 - Level 2.0 Stealth
 + Level 10.5 Spellcasting
 + Level 14.8 Conjurations
 * Level 5.4 Fire Magic
 * Level 15.7 Air Magic


You had 15 spell levels left.
You knew the following spells:

 Your Spells              Type           Power      Damage    Failure   Level
a - Shock                 Conj/Air       100%       1d9       0%          1
b - Static Discharge      Conj/Air       74%        N/A       0%          2
c - Airstrike             Air            37%        N/A       1%          4
d - Freeze                Ice            52%        1d7       1%          1
e - Poisonous Vapours     Pois/Air       100%       N/A       1%          2
f - Mephitic Cloud        Conj/Pois/Air  59%        N/A       1%          3
g - Fireball              Conj/Fire      29%        3d13      1%          5

Your spell library contained the following spells:

 Spells                   Type           Power      Damage    Failure   Level
 Sandblast                Erth           26%        2d8       1%          1
 Stone Arrow              Conj/Erth      100%       3d13      1%          3
 Swiftness                Air            75%        N/A       1%          3
 Passwall                 Tmut/Erth      10%        N/A       7%          2


Dungeon Overview and Level Annotations

Branches:
Dungeon (11/15)            Temple (1/1) D:6            Lair (5/6) D:8
  Swamp (0/4) Lair:2        Snake (0/4) Lair:4          Orc (2/2) D:10
    Elf (0/3) Orc:2
  Slime: Lair:5-6

Altars:
Ashenzari
Cheibriados
Dithmenos
Elyvilon
Fedhas
Gozag
Hepliaklqana
Kikubaaqudgha
Makhleb
Nemelex Xobeh
Okawaru
Qazlal
Ru
Sif Muna
Trog
Uskayaw
Vehumet
Wu Jian
Xom
Yredelemnul
Zin
The Shining One

Shops:
D:3 ?!   D:5 !   Orc:1 *   Orc:2 =?***

Annotations:
D:8 3 runed translucent doors, Smaepdii's ghost, novice MiBe
Orc:1 3 runed translucent doors, exclusion: obsidian statue, Deutizen's ghost, journeyman HOFi


Innate Abilities, Weirdness & Mutations

You have a beak for a mouth.
You have claws for feet.
Your magical nature lets you fly swiftly and evasively.


Message History

You fly upwards.
There is a stone staircase leading down here.
Casting: Airstrike (safe; 1% risk of failure)
Confirm with . or Enter, or press ? or * to list all spells.
Aiming: Airstrike (safe; 1% risk of failure)
Press: ? - help, Dir - move target, f - four-headed hydra
Aim: a four-headed hydra (empty space bonus: 7/8)
The air twists around and strikes the four-headed hydra!!
The four-headed hydra is moderately wounded.
The four-headed hydra bites you but does no damage.
The four-headed hydra bites you! The four-headed hydra bites you.
The four-headed hydra bites you!
Casting: Airstrike (safe; 1% risk of failure)
Confirm with . or Enter, or press ? or * to list all spells.
Aiming: Airstrike (safe; 1% risk of failure)
Press: ? - help, Dir - move target, f/p - four-headed hydra
Aim: a four-headed hydra (moderately wounded, empty space bonus: 7/8)
The air twists around and strikes the four-headed hydra!!
The four-headed hydra is heavily wounded.
The four-headed hydra closely misses you.
The four-headed hydra bites you but does no damage.
The four-headed hydra bites you.
The four-headed hydra barely misses you.
Casting: Airstrike (safe; 1% risk of failure)
Confirm with . or Enter, or press ? or * to list all spells.
Aiming: Airstrike (safe; 1% risk of failure)
Press: ? - help, Dir - move target, f/p - four-headed hydra
Aim: a four-headed hydra (heavily wounded, empty space bonus: 7/8)
The air twists around and strikes the four-headed hydra!
The four-headed hydra is severely wounded.
The four-headed hydra bites you! The four-headed hydra bites you. x2
The four-headed hydra bites you!
* * * LOW HITPOINT WARNING * * *
The four-headed hydra bites you but does no damage.
The four-headed hydra bites you!
* * * LOW HITPOINT WARNING * * *
The four-headed hydra bites you!
* * * LOW HITPOINT WARNING * * *
The four-headed hydra bites you!
You die...

.....# #....#.# #....##
#...#######.....## ##[..P# #...#
#.##P......### ##....##
.#######....>......# #P.....#
!......##.........## ##....###
.#......##........# #.#....##
##.#.#...##.......#######.......#
##........##...D..P##............
.#.#.#.#...####.@###.............
.#..........##..................#
.#...#.>.#...#.................P#
.##..........#..#.............###
..##...#.#.#.#..####....#PP....#
...##........#...###.....P....##
^...##...#.#.#..###...........#
....###....))#..##......##....##
.....###....)..................##


You could see a four-headed hydra.

Vanquished Creatures
  A hydra (Lair:1)
  5 two-headed ogres
  3 orc high priests (Orc:2)
  A bog body (Lair:2)
  4 orc knights (Orc:2)
  A cyclops (Orc:2)
  5 orc sorcerers
  4 elephants (Lair:3)
  4 black mambas
  8 cane toads
  A kobold demonologist (D:10)
  A rime drake (Lair:2)
  2 komodo dragons
  A hornet (D:10)
  A troll (Orc:1)
  Sigmund (D:3)
  A wraith (D:10)
  27 yaks
  5 wyverns
  A shadow (D:9)
  2 vampire mosquitoes (D:10)
  A steam dragon (D:9)
  4 basilisks
  3 swamp worms (Lair:2)
  Edmund (D:6)
  5 water moccasins
  3 wargs
  5 nagas (Lair:4)
  23 orc warriors
  3 ice beasts
  A black bear (D:6)
  4 ogres
  3 centaurs
  2 phantoms
  3 kobold brigands
  11 bullfrogs
  2 wyvern zombies
  2 scorpions
  A water moccasin zombie (D:6)
  A killer bee (D:9)
  3 electric eels
  A howler monkey (D:8)
  6 centaur zombies
  A lava snake (D:10)
  14 orc priests
  3 hounds
  A centaur skeleton (D:3)
  A jelly (D:6)
  An iguana (D:4)
  Ijyb (D:3)
  5 hell rats
  Natasha (thrice) (D:3)
  21 orc wizards
  A killer bee zombie (D:7)
  2 hound skeletons
  Robin (D:3)
  2 howler monkey zombies
  7 gnolls (D:4)
  7 adders
  A white imp (D:6)
  An adder skeleton (D:4)
  3 worms (D:3)
  The ghost of gregwegmann the Sneak, a weakling HODe (D:5)
  A dart slug (D:3)
  67 orcs
  8 ball pythons
  5 endoplasms
  6 giant cockroaches
  11 goblins
  11 hobgoblins
  4 jackals (D:2)
  5 quokkas
  2 bats (D:1)
  7 frilled lizards
  23 kobolds
  4 rats
398 creatures vanquished.

Vanquished Creatures (others)
  An orc wizard (D:9)
  An orc (D:9)
  22 fungi
  49 plants
73 creatures vanquished.

Grand Total: 471 creatures vanquished

Notes
Turn   | Place    | Note
-------+----------+-------------------------------------------
     0 | D:1      | Spaninq the Tengu Air Elementalist began the quest for the
                  | Orb.
     0 | D:1      | Reached XP level 1. HP: 10/10 MP: 4/4
   219 | D:1      | Reached XP level 2. HP: 15/15 MP: 4/6
  1142 | D:2      | Reached XP level 3. HP: 20/20 MP: 1/7
  1262 | D:2      | Learned a level 2 spell: Static Discharge
  1354 | D:2      | Reached skill level 1 in Fighting
  2001 | D:3      | Reached skill level 5 in Air Magic
  2001 | D:3      | Reached XP level 4. HP: 19/25 MP: 2/8
  2158 | D:3      | Learned a level 4 spell: Airstrike
  2572 | D:3      | Found Atyamine's Magic Scroll Shop.
  2643 | D:3      | Gained mutation: Your magical nature lets you fly swiftly
                  | and evasively. [Tengu growth]
  2643 | D:3      | Reached XP level 5. HP: 29/29 MP: 3/9
  2925 | D:3      | Noticed Ijyb
  2935 | D:3      | Killed Ijyb
  3111 | D:3      | Noticed Robin
  3169 | D:3      | Killed Robin
  3305 | D:3      | Noticed Natasha
  3309 | D:3      | Killed Natasha
  3367 | D:3      | Found Rer Jacrome's Distillery.
  3457 | D:3      | Noticed Sigmund
  3666 | D:3      | Found a sparkling altar of Nemelex Xobeh.
  3852 | D:3      | Noticed Natasha
  3872 | D:3      | Killed Natasha
  3873 | D:3      | Reached XP level 6. HP: 21/35 MP: 7/11
  4067 | D:3      | Noticed Natasha
  4073 | D:3      | Killed Natasha
  4200 | D:4      | Noticed an orc warrior
  4232 | D:4      | Reached skill level 6 in Air Magic
  4317 | D:4      | Reached skill level 5 in Conjurations
  4712 | D:4      | Reached XP level 7. HP: 40/40 MP: 9/12
  5175 | D:4      | Reached skill level 7 in Air Magic
  5664 | D:5      | Entered Level 5 of the Dungeon
  5840 | D:5      | Found a large runed translucent door.
  5840 | D:5      | Found a large runed translucent door.
  5841 | D:5      | Noticed gregwegmann's ghost (weakling HODe)
  5938 | D:5      | Found Afaro's Distillery.
  6290 | D:5      | Reached XP level 8. HP: 46/46 MP: 8/14
  6551 | D:5      | Killed gregwegmann's ghost
  6974 | D:6      | Reached skill level 8 in Air Magic
  7537 | D:6      | Noticed Edmund
  7705 | D:6      | Killed Edmund
  8205 | D:6      | Found a staircase to the Ecumenical Temple.
  8211 | Temple   | Entered the Ecumenical Temple
  8348 | Temple   | Became a worshipper of Vehumet
  8378 | D:6      | Reached skill level 9 in Air Magic
  8560 | D:6      | Reached XP level 9. HP: 52/52 MP: 4/17
  9208 | D:3      | Killed Sigmund
  9209 | D:3      | Reached skill level 5 in Spellcasting
 10217 | D:7      | Reached skill level 10 in Air Magic
 10448 | D:7      | Identified the ring "Laqef" {rPois rCorr}
 10992 | D:8      | Identified a scroll of acquirement
 10992 | D:8      | Acquired a +0 hat of willpower
 10997 | D:8      | Noticed a two-headed ogre
 11271 | D:8      | Reached skill level 5 in Fighting
 11449 | D:8      | Found a staircase to the Lair.
 11810 | D:8      | Reached skill level 10 in Conjurations
 12020 | D:8      | Found a runed translucent gate.
 12021 | D:8      | Found a runed translucent gate.
 12021 | D:8      | Found a runed translucent gate.
 12022 | D:8      | Noticed a gargoyle
 12023 | D:8      | Noticed Smaepdii's ghost (novice MiBe)
 12027 | D:8      | Reached XP level 10. HP: 47/59 MP: 15/20
 12027 | D:8      | Noticed a cyclops
 12700 | D:9      | Reached * piety under Vehumet
 12700 | D:9      | Offered knowledge of Freeze by Vehumet.
 12748 | D:9      | Learned a level 1 spell: Freeze
 13150 | D:9      | Found a blossoming altar of Fedhas.
 13154 | D:9      | Found a white marble altar of Elyvilon.
 13186 | D:9      | Reached skill level 11 in Air Magic
 13528 | D:9      | Identified the ring of the Distant Future {Int+4 Dex+6}
 14457 | D:10     | Entered Level 10 of the Dungeon
 14457 | D:10     | Noticed a two-headed ogre
 14806 | D:8      | Found a staircase to the Lair.
 14983 | D:8      | Killed a two-headed ogre
 15267 | D:10     | Killed a two-headed ogre
 15268 | D:10     | Reached skill level 12 in Air Magic
 15375 | D:10     | Reached XP level 11. HP: 65/65 MP: 15/23
 15474 | D:10     | Found a stormy altar of Qazlal.
 15819 | D:10     | Paralysed by a hornet for 2 turns
 16959 | D:10     | Found a staircase to the Orcish Mines.
 17077 | D:10     | Noticed a two-headed ogre
 17082 | D:10     | Killed a two-headed ogre
 17177 | D:10     | Reached ** piety under Vehumet
 17333 | D:10     | Noticed a two-headed ogre
 17338 | D:10     | Killed a two-headed ogre
 17424 | D:10     | Offered knowledge of Poisonous Vapours by Vehumet.
 17433 | D:10     | Learned a level 2 spell: Poisonous Vapours
 17618 | D:10     | Reached skill level 13 in Air Magic
 18085 | Lair:1   | Entered Level 1 of the Lair of Beasts
 18360 | Lair:1   | Noticed a five-headed hydra
 18365 | Lair:1   | Killed a five-headed hydra
 19062 | Lair:2   | Noticed a bog body
 19472 | Lair:1   | Reached XP level 12. HP: 72/72 MP: 14/26
 20293 | Lair:2   | Offered knowledge of Conjure Flame by Vehumet.
 20618 | Lair:2   | Reached skill level 14 in Air Magic
 20724 | Lair:2   | Found a staircase to the Swamp.
 21723 | Lair:3   | You are sucked into a shaft and drop 2 floors!
 22342 | Orc:1    | Entered Level 1 of the Orcish Mines
 22476 | Orc:1    | Reached *** piety under Vehumet
 22541 | Orc:1    | Found a runed translucent gate.
 22541 | Orc:1    | Found a runed translucent gate.
 22541 | Orc:1    | Found a runed translucent gate.
 22543 | Orc:1    | Found an opulent altar of Gozag.
 22549 | Orc:1    | Noticed Deutizen's ghost (journeyman HOFi)
 22551 | Orc:1    | Found Dushoeh's Assorted Antiques.
 23004 | Orc:1    | Noticed a two-headed ogre
 23212 | Orc:1    | Killed a two-headed ogre
 23352 | Orc:1    | Offered knowledge of Mephitic Cloud by Vehumet.
 23383 | Orc:1    | Learned a level 3 spell: Mephitic Cloud
 23591 | Orc:2    | Entered Level 2 of the Orcish Mines
 23607 | Orc:1    | Reached skill level 10 in Spellcasting
 24094 | Orc:2    | Reached **** piety under Vehumet
 24267 | Orc:2    | Offered knowledge of Fireball by Vehumet.
 24286 | Orc:2    | Learned a level 5 spell: Fireball
 24573 | Orc:2    | Found a staircase to the Elven Halls.
 24592 | Orc:2    | Found Viewiapn's Jewellery Boutique.
 24678 | Orc:2    | Reached skill level 1 in Fire Magic
 25146 | Orc:2    | Noticed an orc high priest
 25146 | Orc:2    | Noticed an orc high priest
 25146 | Orc:2    | Noticed an orc high priest
 25222 | Orc:2    | Killed an orc high priest
 25560 | Orc:2    | Noticed a soul eater
 25765 | Orc:2    | Killed an orc high priest
 25766 | Orc:2    | Reached XP level 13. HP: 71/79 MP: 15/28
 25998 | Orc:2    | Reached skill level 15 in Air Magic
 27143 | Orc:2    | Found Vithak's Magic Scroll Shop.
 27151 | Orc:2    | Found Utwuwiy's General Store.
 27153 | Orc:2    | Found Oddaw's General Store.
 27155 | Orc:2    | Found Waurar's Assorted Antiques.
 27161 | Orc:2    | Bought the amulet of the Four Winds {rN+ Will+++ Clar} for
                  | 614 gold pieces
 27161 | Orc:2    | Found the amulet of the Four Winds {rN+ Will+++ Clar}
 27180 | Orc:2    | Bought a twitching lapis lazuli ring for 110 gold pieces
 27180 | Orc:2    | Identified the ring "Yzetyeba" {Fly rN+ SInv} (You bought
                  | it in a shop on level 2 of the Orcish Mines)
 28956 | Lair:3   | Reached skill level 5 in Fire Magic
 30499 | Lair:4   | Found a staircase to the Snake Pit.
 30514 | Lair:4   | Found a staircase to the Snake Pit.
 30897 | Lair:4   | HP: 3/80 [four-headed hydra (13)]
 30897 | Lair:4   | Slain by a four-headed hydra

Illustrated notes

Levels and vault maps discovered:
D:1:      saegor_arrival_simple_a, layout_basic, minmay_pentomino_x4
D:2:      layout_basic
D:3:      layout_loops_corners, nemelex_dance_club_becter, serial_shops, shop,
          shop, uniq_natasha, uniq_robin, uniq_sigmund, uniq_ijyb
D:4:      layout_loops_ring, guppyfry_early_orc_mine
D:5:      cheibrodos_quashed, layout_loops_cross, ebering_ghost_disaster_area,
          serial_shops, shop
D:6:      layout_layer_cave, minmay_temple_entry_enclosed_plants, uniq_edmund
D:7:      layout_basic
D:8:      layout_loops_ring, lair_entry_dummy, gammafunk_ghost_split,
          dk_noncrumbling_2
D:9:      minmay_skewed_foursquare, layout_stronghold,
          mainiacjoe_overflow_catwalk_spiral
D:10:     layout_roguey, nicolae_qazlal_scattered_showers, david_orc_4,
          kennysheep_small_square
D:11:     layout_basic
Temple:   regret_index_temple_mists
Lair:1:   layout_long_grid, dpeg_stationary_puzzle
Lair:2:   layout_gridlike, nicolae_swamp_entry_splash_gauntlet, st_stairs_12,
          chequers_serial_rivers_marsh
Lair:3:   layout_misc_corridors
Lair:4:   layout_gridlike, minmay_snake_entry_guardpost_large, enter_volcano_4
Lair:5:   layout_loops_ring, slime_altar_2, serial_bayou_lagoon_a,
          serial_bayou_lagoon_b, infiniplex_staircase_pool_2
Orc:1:    layout_diamond_mine, ebering_ghost_gozag
Orc:2:    st_orc_elflike, layout_caves, serial_shops, shop

Skill      XL: |  1  2  3  4  5  6  7  8  9 10 11 12 13 |
---------------+----------------------------------------+-----
Conjurations   | 2 3 4 5 6 8 10 11 13 14 | 14.8
Fighting       | 1 2 3 4 5 6 7 8 |  8.9
Air Magic      | 5 6 7 9 10 12 13 14 15 | 15.7
Spellcasting   | 3 4 6 7 9 10 | 10.5
Fire Magic     | 2 5 |  5.4
Dodging        | |  2.1
Stealth        | |  2.0

Action                   |  1- 3 |  4- 6 |  7- 9 | 10-12 | 13-15 || total
-------------------------+-------+-------+-------+-------+-------++-------
Melee: Dagger            |       |       |     9 |    12 |    13 ||    34
       Kick              |       |       |     4 |     6 |     8 ||    18
       Peck              |       |       |       |       |     4 ||     4
 Cast: Shock             |    76 |   127 |   155 |   127 |    11 ||   496
       Static Discharge  |       |       |    16 |    38 |       ||    54
       Airstrike         |       |       |    54 |   256 |   109 ||   419
       Poisonous Vapours |       |       |       |     2 |     7 ||     9
       Mephitic Cloud    |       |       |       |     3 |    11 ||    14
       Fireball          |       |       |       |     2 |     9 ||    11
  Use: Scroll            |       |       |    17 |     5 |     8 ||    30
       Potion            |       |       |       |     3 |       ||     3
 Stab: Sleeping          |       |       |     1 |     1 |       ||     2
       Confused          |       |       |       |       |     1 ||     1
Armor: Robe              |     4 |     1 |    19 |     5 |     4 ||    33
Dodge: Dodged            |    10 |    11 |    41 |    83 |    26 ||   171

Table legend: (Time is in decaauts)
 A = Elapsed time spent in this place.
 B = Non-inter-level travel time spent in this place.
 C = Inter-level travel time spent in this place.
 D = Time resting spent in this place.
 E = Time spent auto-exploring this place.
 F = Levels seen in this place.
 G = Mean time per level.
                   A        B        C        D        E       F      G
               +--------+--------+--------+--------+--------+-----+--------+
         Total |  29535 |  28062 |   1473 |  10443 |  13220 |  19 | 1554.5 |
       Dungeon |  17511 |  16582 |    929 |   5407 |   8612 |  11 | 1591.9 |
        Temple |    132 |    132 |      0 |      0 |    100 |   1 |  132.0 |
          Lair |   7294 |   6973 |    321 |   2836 |   3227 |   5 | 1458.8 |
  Orcish Mines |   4596 |   4374 |    222 |   2198 |   1279 |   2 | 2298.0 |
               +--------+--------+--------+--------+--------+-----+--------+

Top non-repeatable levels by time:
     D:9: 2938 daAuts
   Orc:2: 2456 daAuts
    D:10: 2357 daAuts
     D:3: 2317 daAuts
     D:6: 2307 daAuts
  Lair:3: 2154 daAuts
   Orc:1: 2139 daAuts
  Lair:1: 1938 daAuts
  Lair:2: 1714 daAuts
     D:8: 1669 daAuts
     D:7: 1636 daAuts
     D:4: 1388 daAuts
  Lair:4: 1338 daAuts
     D:1: 1074 daAuts
     D:5: 916 daAuts
